 Dungeon Crawl Stone Soup version 0.29.0-4-gdea44cf6ec (webtiles) character file.

Game seed: 4094208521808440224

1152 qw the Cleaver (level 8, -1/48 HPs)
             Began as a Tengu Warper on Aug 28, 2022.
             Slain by an orc
             ... wielding a +0 hand axe
              (5 damage)
             ... on level 6 of the Dungeon.
             The game lasted 00:00:33 (5692 turns).

qw the Cleaver (Tengu Warper)                       Turns: 5692, Time: 00:00:33

Health: -1/48      AC: 12    Str: 13      XL:     8   Next: 38%
Magic:  12/12      EV:  8    Int: 14 (15) God:
Gold:   359        SH:  0    Dex: 13      Spells: 11/11 levels left

rFire   . . .      SeeInvis .   Y - +1 hand axe (chaos)
rCold   . . .      Faith    .   (no shield)
rNeg    . . .      Spirit   .   e - +0 chain mail
rPois   .          Reflect  .   (helmet restricted)
rElec   .          Harm     .   f - +0 cloak
rCorr   .          Rampage  .   d - +1 pair of gloves
Will    .....                   (boots unavailable)
Stlth   ..........              a - amulet of the acrobat
HPRegen 0.16/turn               (no ring)
MPRegen 0.13/turn               (no ring)

@: lethally poisoned (-1 -> -5), about to teleport, flying quickly and
evasively, quick
A: beak, talons 3, nimble flight
a: no special abilities


You were on level 6 of the Dungeon.
You visited 1 branch of the dungeon, and saw 6 of its levels.
You also visited: Sewer.

You collected 359 gold pieces.


Innate Abilities, Weirdness & Mutations

You have a beak for a mouth.
You have claws for feet.
Your magical nature lets you fly swiftly and evasively.


   Skills:
 - Level 4.3 Fighting
 + Level 9.1 Axes
 - Level 1.0 Throwing
 - Level 3.3 Armour
 - Level 3.1 Dodging
 - Level 2.0 Spellcasting
 - Level 2.4 Translocations


You had 11 spell levels left.
You didn't know any spells.
Your spell library contained the following spells:

 Spells                   Type           Power      Damage    Failure   Level
 Blink                    Tloc           16%        N/A       98%         2
 Gell's Gravitas          Tloc           8%         N/A       100%        3
 Lesser Beckoning         Tloc           8%         N/A       100%        3
 Teleport Other           Tloc           8%         N/A       100%        3
 Manifold Assault         Tloc           8%         N/A       100%        5

Inventory:

Hand Weapons
 o - a +0 morningstar
 Y - a +1 hand axe of chaos (weapon)
Armour
 d - a +1 pair of gloves (worn)
 e - a +0 chain mail (worn)
 f - a +0 cloak (worn)
Jewellery
 a - an amulet of the acrobat (around neck)
Scrolls
 b - a scroll of identify
Potions
 h - 3 potions of heal wounds
 i - a potion of mutation
 j - a potion of lignification {unknown}
 k - a potion of haste
 m - a potion of invisibility {unknown}

Dungeon Overview and Level Annotations

Branches:
Dungeon (6/15)              Sewer (visited)
 Temple: D:4-7

Altars:
Dithmenos
Nemelex Xobeh
Trog
Vehumet
Xom

Annotations:
D:6 Edmund


Message History

Edmund says, "I'm quite good with sums, too."
The orc wizard hits you but does no damage.
You hit the water moccasin.
The water moccasin seems to slow down.
You freeze the water moccasin.
You kill the water moccasin!
You closely miss the orc wizard. You hit the bullfrog. You freeze the bullfrog.
You hit the orc priest. You freeze the orc priest.
You hit the orc wizard but do no damage.
You hit the orc but do no damage.
The orc is poisoned.
The bullfrog hits you but does no damage.
The orc wizard hits you but does no damage.
The orc wizard hits you with a +0 dagger.
The orc priest hits you but does no damage.
You are poisoned.
The orc hits you but does no damage. The bullfrog hits you.
The orc wizard hits you but does no damage.
You feel your strength returning.
Your Armour skill increases to level 3!
You barely miss the orc wizard. You claw the orc wizard.
You kill the orc wizard!
You hit the orc but do no damage.
The orc suddenly seems more agile.
You closely miss the orc wizard. You closely miss the orc.
You barely miss the bullfrog.
You hit the orc priest but do no damage.
You feel sick. The orc hits you with a +0 hand axe. x2
The orc priest hits you but does no damage.
The white imp gestures at you. The puff of frost hits you.
The bullfrog hits you.
The orc wizard hits you but does no damage.
5692 ||| READING scroll of teleportation.
As you read the scroll of teleportation, it crumbles to dust.
You feel strangely unstable.
You feel sick.
The bullfrog hits you but does no damage.
The orc wizard gestures at you while chanting.
The magic dart hits you but does no damage.
The orc hits you but does no damage. The orc priest closely misses you.
The white imp disappears for a moment.
The orc hits you with a +0 hand axe.
You die...

......##>.....
.............##
.............##
..............
#..!....l....
###............
#.....o5o......
#..<..@o@.....
####..oF......
####.......
....... .......
.##.... ## ##..
..


You could see Edmund (fast), a bullfrog, an iguana, an orc priest, an orc wizard
(fast, strong), a white imp and 2 orcs.

Vanquished Creatures
  A steam dragon (D:5)
  A water moccasin (D:6)
  A black bear (D:4)
  5 kobold brigands (Sewer)
  A howler monkey (D:4)
  A hound (D:4)
  A jelly (D:5)
  2 orc wizards
  2 iguanas (D:4)
  10 adders
  4 gnolls (D:4)
  2 river rats (Sewer)
  2 white imps
  5 worms
  A dart slug (D:2)
  An orc (D:5)
  10 ball pythons
  11 endoplasms
  2 giant cockroaches
  8 goblins
  7 hobgoblins
  8 jackals
  7 quokkas
  7 bats
  5 frilled lizards
  6 kobolds
  6 rats
117 creatures vanquished.

Vanquished Creatures (others)
  An orc wizard (D:5)
  An orc (D:5)
2 creatures vanquished.

Grand Total: 119 creatures vanquished

Notes
Turn   | Place    | Note
-------+----------+-------------------------------------------
     0 | D:1      | qw the Tengu Warper began the quest for the Orb.
     0 | D:1      | Reached XP level 1. HP: 12/12 MP: 4/4
     0 | D:1      | 0 ||| qw: Version: 0.1-a-89-g26bdef1
     0 | D:1      | 0 ||| qw: Game counter: 2619
     0 | D:1      | 0 ||| qw: Always use a shield: true
     0 | D:1      | 0 ||| qw: God list: Okawaru
     0 | D:1      | 0 ||| qw: Allow faded altars: false
     0 | D:1      | 0 ||| qw: Do Orc after D:15 true
     0 | D:1      | 0 ||| qw: Do second Lair branch before Depths: true
     0 | D:1      | 0 ||| qw: Lair rune preference: random
     0 | D:1      | 0 ||| qw: Plans: Normal
     0 | D:1      | 0 ||| PLANNING D:1-11
   294 | D:1      | Reached skill level 3 in Axes
   294 | D:1      | Reached XP level 2. HP: 17/17 MP: 6/6
   625 | D:1      | Reached XP level 3. HP: 21/21 MP: 7/7
   806 | D:1      | Reached skill level 4 in Axes
   865 | D:1      | 865 ||| UPGRADING to +0 ring mail.
   875 | D:1      | 875 ||| DROPPING +0 leather armour.
   876 | D:1      | 876 ||| READING scroll labelled SEAMIUWOUH.
   877 | D:1      | 877 ||| READING scroll labelled XEODO ANOSEU.
   878 | D:1      | 878 ||| READING scroll labelled NUPNISH HASH.
   879 | D:1      | 879 ||| DRINKING 2 glowing cyan potions.
   880 | D:1      | 880 ||| DROPPING scroll of blinking.
   921 | D:2      | 921 ||| Stepping ~*~*~tactically~*~*~ (stealth).
   924 | D:2      | 924 ||| Stepping ~*~*~tactically~*~*~ (stealth).
   950 | D:2      | 950 ||| Stepping ~*~*~tactically~*~*~ (stealth).
   951 | D:2      | 951 ||| Stepping ~*~*~tactically~*~*~ (stealth).
   952 | D:2      | 952 ||| Stepping ~*~*~tactically~*~*~ (stealth).
   953 | D:2      | 953 ||| Stepping ~*~*~tactically~*~*~ (stealth).
   969 | D:2      | Found a faded altar of an unknown god.
  1140 | D:2      | 1140 ||| DROPPING +0 mace.
  1144 | D:2      | 1144 ||| Stepping ~*~*~tactically~*~*~ (hiding).
  1368 | D:2      | 1368 ||| Stepping ~*~*~tactically~*~*~ (hiding).
  1374 | D:2      | Reached XP level 4. HP: 26/26 MP: 8/8
  1670 | D:2      | 1670 ||| UPGRADING to +0 pair of gloves.
  1675 | D:2      | 1675 ||| UPGRADING to +0 cloak.
  1680 | D:2      | 1680 ||| READING scroll labelled REFECH CEUBBYE.
  1681 | D:2      | 1681 ||| READING 2 scrolls labelled RUIREF IHYM.
  1682 | D:2      | 1682 ||| READING scroll labelled TUMOEX VIPTAO.
  1709 | D:3      | 1709 ||| PLANNING SEWER
  1724 | D:3      | 1724 ||| Stepping ~*~*~tactically~*~*~ (hiding).
  1727 | D:3      | 1727 ||| Stepping ~*~*~tactically~*~*~ (hiding).
  1766 | D:3      | 1766 ||| Stepping ~*~*~tactically~*~*~ (stealth).
  1788 | D:3      | Found a shimmering altar of Xom.
  1865 | D:3      | Found a glowing drain.
  1870 | Sewer    | Entered a sewer
  1894 | Sewer    | Noticed a kobold brigand
  1898 | Sewer    | 1898 ||| Stepping ~*~*~tactically~*~*~ (water).
  1907 | Sewer    | Killed a kobold brigand
  1908 | Sewer    | Reached skill level 5 in Axes
  1908 | Sewer    | Gained mutation: Your magical nature lets you fly swiftly
                  | and evasively. [Tengu growth]
  1908 | Sewer    | Reached XP level 5. HP: 20/30 MP: 9/9
  2015 | Sewer    | 2015 ||| READING scroll of brand weapon.
  2015 | Sewer    | 2015 ||| BRANDING +0 vorpal hand axe.
  2026 | Sewer    | Noticed a kobold brigand
  2038 | Sewer    | Killed a kobold brigand
  2039 | Sewer    | Reached skill level 6 in Axes
  2282 | Sewer    | Noticed a kobold brigand
  2287 | Sewer    | Reached XP level 6. HP: 32/35 MP: 10/10
  2304 | Sewer    | Reached skill level 7 in Axes
  2446 | Sewer    | Reached skill level 3 in Fighting
  2587 | Sewer    | Reached XP level 7. HP: 41/41 MP: 11/11
  2861 | Sewer    | 2861 ||| READING scroll labelled WUKERUPTAOM.
  2884 | D:3      | 2884 ||| PLANNING D:1-11
  3248 | D:3      | 3248 ||| UPGRADING to amulet of the acrobat.
  3253 | D:3      | 3253 ||| READING scroll labelled XUOBRI QYECH.
  3254 | D:3      | 3254 ||| READING scroll labelled ROXESIRO ZYLI.
  3259 | D:3      | 3259 ||| DRINKING 2 smoky emerald potions.
  3260 | D:3      | 3260 ||| DRINKING 2 brown potions.
  3261 | D:3      | 3261 ||| DROPPING potion of degeneration.
  3308 | D:4      | Found a radiant altar of Vehumet.
  3381 | D:4      | 3381 ||| READING scroll of enchant armour.
  3381 | D:4      | 3381 ||| ENCHANTING +0 pair of gloves.
  3453 | D:4      | Reached skill level 8 in Axes
  3499 | D:4      | 3499 ||| Stepping ~*~*~tactically~*~*~ (hiding).
  3517 | D:4      | HP: 10/41 [something (1)]
  3518 | D:4      | 3518 ||| READING scroll of teleportation.
  3519 | D:4      | 3519 ||| DRINKING 2 potions of heal wounds.
  3778 | D:4      | Found a sparkling altar of Nemelex Xobeh.
  3993 | D:4      | 3993 ||| Stepping ~*~*~tactically~*~*~ (stealth).
  4281 | D:4      | Found a bloodstained altar of Trog.
  4295 | D:4      | 4295 ||| READING scroll labelled BIOD RANAZIDEMAO.
  4296 | D:4      | 4296 ||| READING scroll labelled GATATI BENEDYA.
  4297 | D:4      | 4297 ||| READING 2 scrolls of identify.
  4297 | D:4      | 4297 ||| IDENTIFYING metallic white potion
  4341 | D:5      | Entered Level 5 of the Dungeon
  4342 | D:5      | 4342 ||| STAIRDANCE
  4351 | D:4      | Reached skill level 9 in Axes
  4582 | D:5      | 4582 ||| Stepping ~*~*~tactically~*~*~ (hiding).
  4607 | D:5      | Reached skill level 3 in Dodging
  4607 | D:5      | Reached XP level 8. HP: 37/46 MP: 12/12
  4621 | D:5      | 4621 ||| Stepping ~*~*~tactically~*~*~ (stealth).
  4691 | D:5      | 4691 ||| Stepping ~*~*~tactically~*~*~ (stealth).
  4744 | D:5      | 4744 ||| Stepping ~*~*~tactically~*~*~ (stealth).
  4745 | D:5      | 4745 ||| Stepping ~*~*~tactically~*~*~ (stealth).
  4892 | D:5      | Found a shadowy altar of Dithmenos.
  5081 | D:5      | 5081 ||| Stepping ~*~*~tactically~*~*~ (hiding).
  5093 | D:5      | HP: 6/46 [steam dragon/ball of steam (12)]
  5094 | D:5      | 5094 ||| READING scroll of teleportation.
  5095 | D:5      | 5095 ||| DRINKING 2 potions of heal wounds.
  5369 | D:5      | 5369 ||| Stepping ~*~*~tactically~*~*~ (stealth).
  5478 | D:5      | 5478 ||| DROPPING +0 flail.
  5494 | D:5      | 5494 ||| UPGRADING to +0 chain mail.
  5504 | D:5      | 5504 ||| DROPPING +0 ring mail.
  5505 | D:5      | 5505 ||| READING scroll labelled LUNEICS KUIGYAX.
  5506 | D:5      | 5506 ||| READING scroll labelled GAIMIJ KOLIAT.
  5683 | D:6      | Noticed Edmund
  5691 | D:6      | Reached skill level 3 in Armour
  5691 | D:6      | HP: 8/48 [white imp/puff of frost (5)]
  5692 | D:6      | 5692 ||| READING scroll of teleportation.
  5692 | D:6      | Slain by an orc

Levels and vault maps discovered:
D:1:      dpeg_arrival_morbid_curiosity, layout_loops_ring
D:2:      layout_rooms, ebering_ecumenical_altar_box,
          chequers_serial_rivers_room_a
D:3:      layout_rooms, general_overflow_altar, portal_sewer_entry_e
D:4:      layout_loops_ring, amcnicky_altar_gilded,
          mainiacjoe_overflow_catch_the_wave
D:5:      layout_loops_cross, nicolae_dithmenos_shadow_blocks
D:6:      layout_cave_pools, led_sif_book, uniq_pikel, uniq_grinder,
          uniq_edmund, uniq_maggie

Skill      XL: |  1  2  3  4  5  6  7  8 |
---------------+-------------------------+-----
Axes           | 3 4 5 6 7 9 |  9.1
Fighting       | 3 4 |  4.3
Armour         | 2 3 |  3.3
Dodging        | 3 |  3.1
Throwing       | |  1.0
Spellcasting   | |  2.0
Translocations | |  2.4

Action                   |  1- 3 |  4- 6 |  7- 9 || total
-------------------------+-------+-------+-------++-------
Melee: Hand axe          |    90 |    85 |   168 ||   343
       Peck              |    19 |    15 |    36 ||    70
       Kick              |    18 |    19 |    46 ||    83
       Punch             |       |       |     4 ||     4
Throw: Boomerang         |     7 |       |       ||     7
  Use: Scroll            |     3 |     4 |    12 ||    19
       Potion            |     1 |       |     4 ||     5
Armor: Leather armour    |    17 |       |       ||    17
       Ring mail         |     7 |    28 |    46 ||    81
       Chain mail        |       |       |    20 ||    20
Dodge: Dodged            |    45 |    26 |    83 ||   154

Table legend:
 A = Non-vault XP
 B = Vault XP
 C = Vault XP percentage of total XP
 D = Non-vault monster count
 E = Vault monster count
 F = Vault count percentage of total count
                 A         B        C        D         E       F
            +---------+---------+-------+---------+---------+-------
      Total |    1030 |     617 |  37.5 |      86 |      33 |  27.7
            +---------+---------+-------+---------+---------+-------
        D:1 |      37 |       9 |  19.6 |      23 |       5 |  17.9
        D:2 |      38 |       0 |   0.0 |      16 |       0 |   0.0
        D:3 |      22 |       0 |   0.0 |      11 |       0 |   0.0
        D:4 |     390 |       0 |   0.0 |      21 |       0 |   0.0
        D:5 |     353 |       0 |   0.0 |      12 |       0 |   0.0
        D:6 |     190 |       0 |   0.0 |       3 |       0 |   0.0
      Sewer |       0 |     608 | 100.0 |       0 |      28 | 100.0
            +---------+---------+-------+---------+---------+-------
